 Dungeon Crawl Stone Soup version 0.21-a0-94-gdd6ab6a (webtiles) character file.

138 MackTheKnife the Skirmisher (level 5, -3/50 HPs)
             Began as a Naga Wanderer on July 3, 2017.
             Slain by an ogre
             ... wielding a +0 giant club
              (14 damage)
             ... on level 3 of the Dungeon.
             The game lasted 00:03:51 (3270 turns).

MackTheKnife the Skirmisher (Naga Wanderer)         Turns: 3270, Time: 00:03:52

Health: -3/50      AC:  9    Str: 13    XL:     5   Next: 21%
Magic:  0/8        EV:  6    Int: 12    God:
Gold:   110        SH:  0    Dex: 13    Spells: 8/8 levels left

rFire    . . .     SeeInvis +   q - +1 hand axe
rCold    . . .     Gourm    .   (no shield)
rNeg     + . .     Faith    .   a - +2 scale mail
rPois    +         Spirit   +   (no helmet)
rElec    .         Reflect  .   r - +1 cloak
rCorr    .         Harm     .   (no gloves)
MR       .....                  (no barding)
Stlth    ..........             f - amulet of guardian spirit {Spirit}
HPRegen  0.16/turn              g - ring of positive energy {rN+}
MPRegen  0.11/turn              (no ring)

@: about to teleport, short of breath, very slow
A: see invisible, deformed body, poison resistance, slowness 2, slow metabolism
1, spit poison 1, AC +1
a: Spit Poison


You were on level 3 of the Dungeon.
You were not hungry.

You visited 1 branch of the dungeon, and saw 3 of its levels.

You collected 110 gold pieces.

Inventory:

Hand Weapons
 q - a +1 hand axe (weapon)
   (You found it on level 2 of the Dungeon)
Armour
 a - a +2 scale mail (worn)
 r - a +1 cloak (worn)
   (You found it on level 2 of the Dungeon)
Jewellery
 f - an amulet of guardian spirit (around neck) {Spirit}
   (You found it on level 3 of the Dungeon)
 g - a ring of positive energy (left hand) {rN+}
   (You found it on level 1 of the Dungeon)
 n - an uncursed ring of ice {rC+, rF-}
   (You took it off a kobold on level 2 of the Dungeon)
Scrolls
 b - 2 scrolls of teleportation
 h - 3 scrolls of identify
 k - 2 scrolls of enchant weapon
 s - a scroll of immolation {unknown}
Potions
 e - a potion of brilliance {unknown}
 i - a potion of haste
 j - 3 potions of ambrosia {unknown}
 l - a potion of curing {unknown}
 p - a potion of lignification {unknown}
Comestibles
 c - a royal jelly
 d - a bread ration {@e1}
 o - 2 fruits


   Skills:
 - Level 4.3 Fighting
 + Level 2.6 Axes
 - Level 2.4 Armour
 - Level 1.5 Stealth
   Level 1.0 Shields
 - Level 2.0 Spellcasting
   Level 1.0 Earth Magic


You had 8 spell levels left.
You didn't know any spells.

Dungeon Overview and Level Annotations

Branches:
Dungeon (3/15)

Altars:


Innate Abilities, Weirdness & Mutations

You cannot wear boots.
Your serpentine skin is tough. (AC +1)
You have supernaturally acute eyesight. (SInv)
Armour fits poorly on your strangely shaped body.
Your system is resistant to poisons. (rPois)
You cover ground very slowly.
You have a slow metabolism.
You can spit poison.


Message History

A goblin comes into view. It is wielding a club.
The goblin shouts!
A hobgoblin comes into view.
The hobgoblin shouts!
You hear an angry hiss.
The goblin hits you but does no damage.
You closely miss the goblin. The goblin barely misses you.
You slash the goblin!
You kill the goblin!
You closely miss the hobgoblin. The hobgoblin barely misses you.
You hit the hobgoblin. The hobgoblin closely misses you.
You hit the hobgoblin.
You kill the hobgoblin!
The frilled lizard bites you.
All of the chunks of flesh in your inventory have rotted away.
A frilled lizard comes into view.
You take 1 damage, and have 49/50 hp.
You closely miss the frilled lizard.
The frilled lizard bites you but does no damage.
A frilled lizard is nearby!
You hit the frilled lizard but do no damage.
The frilled lizard bites you.
You take 3 damage, and have 46/50 hp.
You closely miss the frilled lizard.
You hear an angry hiss.
A frilled lizard comes into view.
There are monsters nearby!
There are monsters nearby!
Your scale mail prevents you from hitting the frilled lizard.
The frilled lizard bites you.
You take 1 damage, and have 45/50 hp.
You closely miss the frilled lizard. You miss the frilled lizard.
The frilled lizard bites you but does no damage. x3
You closely miss the frilled lizard. You hit the frilled lizard.
The frilled lizard unfolds its giant frill.
The frilled lizard barely misses you.
The frilled lizard bites you but does no damage.
The frilled lizard bites you.
You take 1 damage, and have 44/50 hp.
You now have 7/8 mp.
You hit the frilled lizard.
You kill the frilled lizard!
You closely miss the frilled lizard.
The frilled lizard bites you but does no damage.
You hit the frilled lizard.
You kill the frilled lizard!
A goblin comes into view.
Health restored: 50; MP restored: 8 A goblin is nearby!
A goblin is nearby!
A goblin is nearby!
A goblin is nearby!
A rat comes into view.
The goblin wields a hunting sling.
The goblin shoots a stone.
The stone hits you.
You take 1 damage, and have 49/50 hp.
The goblin unwields an uncursed hunting sling.
The goblin hits you but does no damage.
You slash the goblin!
You kill the goblin!
Health restored: 50 You closely miss the rat.
The rat bites you but does no damage.
You barely miss the rat. The rat barely misses you.
A rat is nearby!
You barely miss the rat. The rat bites you but does no damage.
You slash the rat!
You kill the rat!
No target in view!
Things that are here:
an uncursed hunting sling; 6 stones You found a teleport trap!
h - 3 scrolls of identify An ogre comes into view.
It is wielding a giant club.
You see here a fizzy white potion.
An ogre is nearby!
j - 3 fizzy white potions (gained 1)
The ogre hits you with a giant club!!
You take 16 damage, and have 34/50 hp.
MASSIVE DAMAGE!!
You now have 6/8 mp.
You hit the ogre. The ogre barely misses you.
You hit the ogre. The ogre barely misses you.
You hit the ogre. The ogre hits you with a giant club.
You take 1 damage, and have 33/50 hp.
Your scale mail prevents you from hitting the ogre.
The ogre barely misses you.
You closely miss the ogre. The ogre barely misses you.
You barely miss the ogre. The ogre hits you with a giant club!
You take 9 damage, and have 25/50 hp.
You now have 4/8 mp.
Aim: an ogre, wielding a giant club (heavily wounded)
The splash of poison misses the ogre.
You feel slightly more hungry.
You hit the ogre. The ogre hits you with a giant club!!
* * * LOW HITPOINT WARNING * * *
You take 15 damage, and have 10/50 hp.
MASSIVE DAMAGE!!
You now have 2/8 mp.
You aren't carrying any items that you can evoke.
Unknown command.
As you read the scroll of teleportation, it crumbles to dust.
You feel strangely unstable. The ogre hits you with a giant club!
You die...

... .# ..##.# #.##.##
#.##..# # #.##..# #. #+#
#.##..#
.##..###.########.##..#
......................#.
......O@..###.###.##....
..#..##.#.###.###.##.#..
............... ..##.#..
. ...#.#.###.##.###.#..
##..#.<.###.##. #.##.
##..........##.# #.##.
.........###.##.# #.##.
###.##...###.##.###.##.
##....................


You could see an ogre.

Vanquished Creatures
  4 adders
  3 worms
  3 dart slugs
  5 leopard geckos
  An orc (D:3)
  5 giant cockroaches
  14 goblins
  11 hobgoblins
  3 jackals (D:1)
  11 kobolds
  6 bats
  6 frilled lizards
  5 rats
77 creatures vanquished.

Notes
Turn   | Place    | Note
-------+----------+-------------------------------------------
     0 | D:1      | MackTheKnife the Naga Wanderer began the quest for the Orb.
     0 | D:1      | MackTheKnife set off with: a +2 scale mail, a scroll of teleportation, a +0 spear, a bread ration {@e1}
     0 | D:1      | Reached XP level 1. HP: 19/19 MP: 3/3
    40 | D:1      | Reached XP level 2. HP: 11/27 MP: 5/5
    44 | D:1      | HP: 5/27 [leopard gecko (3)]
    48 | D:1      | Reached skill level 3 in Fighting
   465 | D:1      | Reached XP level 3. HP: 19/34 MP: 6/6
  1428 | D:1      | Reached skill level 4 in Fighting
  1697 | D:2      | Reached XP level 4. HP: 28/44 MP: 7/7
  2077 | D:2      | Reached skill level 1 in Axes
  2078 | D:2      | HP: 11/44 [poisoned by an adder]
  2084 | D:2      | HP: 6/44 [poisoned by an adder]
  2092 | D:2      | HP: 5/44 [poisoned by an adder]
  2567 | D:2      | Reached skill level 2 in Axes
  2726 | D:3      | Reached XP level 5. HP: 45/50 MP: 8/8
  3260 | D:3      | Noticed an ogre
  3269 | D:3      | HP: 10/50 [ogre/giant club (15)]
  3270 | D:3      | Slain by an ogre

Vault maps used:
D:1:      noname_arrival_rooms_in_the_neighbourhood
D:2:      bh_walls_and_bars
D:3:      serial_bayou_pond_e

Skill      XL: |  1  2  3  4 |
---------------+-------------+-----
Fighting       | 3 4 |  4.3
Axes           | 2 |  2.6
Armour         | |  2.4
Stealth        | |  1.5
Shields        | |  1.0
Spellcasting   | |  2.0
Earth Magic    | |  1.0

Action                   |  1- 3 |  4- 6 || total
-------------------------+-------+-------++-------
Melee: Spear             |   166 |    35 ||   201
       Hand axe          |       |   133 ||   133
 Abil: Spit Poison       |     9 |     8 ||    17
  Use: Scroll            |       |     6 ||     6
       Potion            |       |     1 ||     1
  Eat: Chunk             |     2 |     5 ||     7
Armor: Scale mail        |    93 |   100 ||   193
Dodge: Dodged            |    58 |    77 ||   135

Vault maps used:
D:1:      noname_arrival_rooms_in_the_neighbourhood
D:2:      bh_walls_and_bars
D:3:      serial_bayou_pond_e

Table legend:
 A = Turns spent in this place as a percentage of turns spent in the entire game.
 B = Non-inter-level travel turns spent in this place as a percentage of non-inter-level travel turns spent in the entire game.
 C = Inter-level travel turns spent in this place as a percentage of turns spent in this place.
 D = Turns resting spent in this place as a percentage of non-inter-level travel turns spent in this place.
 E = Turns spent auto-exploring this place as a percentage of non-inter-level travel turns spent in this place.
 F = Non-inter-level travel turns spent in this place divided by the number of levels of this place that you've seen.
                   A       B       C       D       E      F
               +-------+-------+-------+-------+-------+----------------------
         Total | 100.0 | 100.0 |   0.6 |   2.9 |  11.1 | 277.3
       Dungeon | 100.0 | 100.0 |   0.6 |   2.9 |  11.1 | 277.3
               +-------+-------+-------+-------+-------+----------------------

Table legend:
 A = Kills in this place as a percentage of kills in entire the game.
 B = Kills by you in this place as a percentage of kills by you in the entire game.
 C = Kills by friends in this place as a percentage of kills by friends in the entire game.
 D = Other kills in this place as a percentage of other kills in the entire game.
 E = Experience gained in this place as a percentage of experience gained in the entire game.
 F = Experience gained in this place divided by the number of levels of this place that you have seen.
                   A       B       C       D       E      F
               +-------+-------+-------+-------+-------+----------------------
         Total | 100.0 | 100.0 |  -nan |  -nan | 100.0 |  66.0
       Dungeon | 100.0 | 100.0 |  -nan |  -nan | 100.0 |  66.0
               +-------+-------+-------+-------+-------+----------------------
